 Dungeon Crawl Stone Soup version 0.26-a0-642-g67e99244d3 (webtiles) character file.

Game seed: 6441491583102058821

0 Colgate the Sneak (level 1, 0/10 HPs)
             Began as a Felid Delver on Sept 23, 2020.
             Was an Initiate of Ru.
             Slain by a jackal (3 damage)
             ... on level 2 of the Dungeon.
             The game lasted 00:03:36 (85 turns).

Colgate the Sneak (Felid Delver)                      Turns: 85, Time: 00:03:36

Health: 0/10       AC:  1    Str:  8    XL:     1   Next: 8%
Magic:  3/11       EV: 18    Int: 11    God:    Ru [......]
Gold:   6          SH:  0    Dex: 17    Spells: 0/0 levels left
                                        Lives:  0   Deaths: 0

rFire    . . .     SeeInvis +     - Unarmed
rCold    . . .     Faith    .   (shield unavailable)
rNeg     . . .     Spirit   .   (armour unavailable)
rPois    .         Reflect  .   (helmet unavailable)
rElec    .         Harm     .   (cloak unavailable)
rCorr    .         Rampage  .   (gloves unavailable)
MR       .....                  (boots unavailable)
Stlth    ++++......             (no amulet)
HPRegen  0.03/turn              c - ring of magical power
MPRegen  0.12/turn              (no ring)

@: quick
A: very small, no armour, no weapons or thrown items, stealth, claws 1, fangs 3,
see invisible, speed 1, shaggy fur 1, sharp paws
a: Renounce Religion


You were on level 2 of the Dungeon.
You worshipped Ru.
Ru was noncommittal.
You visited 1 branch of the dungeon, and saw 4 of its levels.

You collected 6 gold pieces.

Inventory:

Jewellery
 c - a ring of magical power (left paw)
Wands
 e - a wand of digging (3)
Scrolls
 a - a scroll of fog
 b - a scroll of magic mapping
Potions
 d - a potion of haste
 f - a potion of lignification {unknown}


   Skills:
 - Level 3.0 Fighting
 - Level 2.6 Dodging
 - Level 6.6 Stealth
 + Level 2.0 Unarmed Combat


You couldn't memorise any spells.
You didn't know any spells.
Your spell library was empty.

Dungeon Overview and Level Annotations

Branches:
Dungeon (5/15)
 Temple: D:4-7

Altars:
Ru


Innate Abilities, Weirdness & Mutations

You cannot wear armour.
You are incapable of wielding weapons or throwing items.
Your paws allow you to move quietly. (Stealth)
You have sharp claws.
You have razor-sharp teeth.
You have supernaturally acute eyesight. (SInv)
You cover ground quickly.
You are covered in fur. (AC +1)
Your sharp claws are effective at attacking unaware monsters.


Message History

There is a stone staircase leading down here.
You scratch the jackal.
The jackal is lightly wounded.
The jackal completely misses you. The jackal barely misses you.
The jackal completely misses you.
You completely miss the jackal.
The jackal is lightly wounded.
The jackal closely misses you. x2
You closely miss the jackal. You bite the jackal, but do no damage.
The jackal is lightly wounded.
The jackal closely misses you. The jackal misses you. The jackal bites you.
You barely miss the jackal.
The jackal is lightly wounded.
The jackal completely misses you. The jackal bites you.
You barely miss the jackal.
The jackal is lightly wounded.
The jackal bites you.
* * * LOW HITPOINT WARNING * * *
The jackal bites you.
You die...

#.# #.#
#.# #.#
#.# #.#
#######h#
......h@#
#########


You could see 2 jackals.

Vanquished Creatures
  A rat (D:3)
1 creature vanquished.

Notes
Turn   | Place    | Note
-------+----------+-------------------------------------------
     0 | D:5      | Colgate the Felid Delver began the quest for the Orb.
     0 | D:5      | Reached XP level 1. HP: 10/10 MP: 2/2
    22 | D:5      | Found a sacrificial altar of Ru.
    33 | D:5      | Noticed an ogre
    36 | D:5      | Became a worshipper of Ru the Awakened
    51 | D:4      | Noticed an orc priest
    51 | D:4      | Noticed an orc priest
    51 | D:4      | Noticed an orc priest
    85 | D:2      | Slain by a jackal

Illustrated notes

Levels and vault maps discovered:
D:2:      layout_loops_ring, nicolae_overflow_hidden_temple,
          ashenzari_conservatory_becter
D:3:      layout_rooms
D:4:      layout_loops_ring, lemuel_round_altar
D:5:      layout_gridville, old_standard_altar, st_stairs_3,
          nicolae_ru_awakened_eye

Action                   || total
-------------------------++-------
Melee: Unarmed           ||     6
       Bite              ||     1
  Use: Scroll            ||     1
 Stab: Sleeping          ||     1
Dodge: Dodged            ||    11

Table legend: (Time is in decaauts)
 A = Elapsed time spent in this place.
 B = Non-inter-level travel time spent in this place.
 C = Inter-level travel time spent in this place.
 D = Time resting spent in this place.
 E = Time spent auto-exploring this place.
 F = Levels seen in this place.
 G = Mean time per level.
                   A        B        C        D        E       F      G
               +--------+--------+--------+--------+--------+-----+--------+
         Total |     69 |     69 |      0 |      0 |      7 |   4 |   17.2 |
       Dungeon |     69 |     69 |      0 |      0 |      7 |   4 |   17.2 |
               +--------+--------+--------+--------+--------+-----+--------+

Top non-repeatable levels by time:
     D:5: 41 daAuts
     D:3: 15 daAuts
     D:4: 8 daAuts
     D:2: 4 daAuts
